 Dungeon Crawl Stone Soup version 0.17.1-1-g73c8601 (webtiles) character file.

183 Implojin the Chopper (level 5, 0/45 HPs)
             Began as a Minotaur Berserker on Apr 9, 2016.
             Was a Believer of Trog.
             Succumbed to an orc wizard's poison
             ... on level 5 of the Dungeon.
             The game lasted 00:05:37 (938 turns).

Implojin the Chopper (Minotaur Berserker)            Turns: 938, Time: 00:05:37

Health: 0/45       AC:  7    Str: 20 (21) XL:     5   Next: 35%
Magic:  4/4        EV: 11    Int:  4      God:    Trog [**....]
Gold:   89         SH:  0    Dex: 11      Spells: 0 memorised, 4 levels left

rFire  . . .     SeeInvis .     a - +0 hand axe
rCold  . . .     Clarity  .     o - +0 ring mail
rNeg   . . .     SustAt   +     (no shield)
rPois  .         Gourm    .     (helmet restricted)
rElec  .         Spirit   .     l - +0 cloak
rCorr  .         Warding  .     (no gloves)
rMut   .         Stasis   .     k - +0 pair of boots
MR     .....                    (no amulet)
Stlth  +.........               (no ring)
                                d - ring of sustain attributes

@: lethally poisoned (0 -> -5), exhausted, flying, slowed, very slow, not
resistant to hostile enchantments, very unstealthy
A: retaliatory headbutt, horns 2
a: Berserk, Trog's Hand, Burn Spellbooks, Renounce Religion


You were on level 5 of the Dungeon.
You worshipped Trog.
Trog was pleased with you.
You were not hungry.

You visited 1 branch of the dungeon, and saw 5 of its levels.

You collected 89 gold pieces.

Inventory:

Hand Weapons
 a - a +0 hand axe (weapon)
Armour
 b - a +0 animal skin
 i - a +0 scale mail
 k - a +0 pair of boots (worn)
 l - a +0 cloak (worn)
 o - a +0 ring mail (worn)
Jewellery
 d - a ring of sustain attributes (left hand)
 m - an uncursed ring of protection from cold {unknown}
 n - a +3 ring of strength {unknown}
Scrolls
 e - a scroll of random uselessness
 f - a scroll of remove curse
 h - a scroll of fog {unknown}
 j - 2 scrolls of identify
 r - a scroll of immolation {unknown}
Potions
 g - a potion of flight
Comestibles
 c - 4 chunks of flesh


   Skills:
 - Level 3.6 Fighting
 * Level 7.3 Axes
 - Level 2.4 Armour
 - Level 2.1 Dodging


You had 4 spell levels left.
You didn't know any spells.

Dungeon Overview and Level Annotations

Branches:
Dungeon (5/15)
 Temple: D:4-7

Altars:
Cheibriados
Fedhas
Kikubaaqudgha
Sif Muna
Zin

Shops:
D:4 (


Innate Abilities, Weirdness & Mutations

You reflexively headbutt those who attack you in melee.
You have a pair of horns on your head.


Message History

* * * LOW HITPOINT WARNING * * *
Something hits you but does no damage.
Drink which item? (? for menu, Esc to quit)
It was a potion of flight.
You feel very buoyant.
You fly up into the air.
You feel sick. Something hits you.
* * * LOW HITPOINT WARNING * * *
Drink which item? (? for menu, Esc to quit)
It was a potion of curing.
You feel better. Something hits you.
* * * LOW HITPOINT WARNING * * *
The orc wizard hits you but does no damage.
You are poisoned.
You hear some strange, mumbled words.
A puff of flame appears from out of thin air!
The puff of flame hits you!
* * * LOW HITPOINT WARNING * * *
The orc wizard barely misses you. You furiously retaliate!
You headbutt the orc wizard, but do no damage.
Drink which item? (? for menu, Esc to quit)
It was a potion of degeneration.
There was something very wrong with that liquid.
You feel somewhat weakened.
* * * LOW HITPOINT WARNING * * *
You feel sick. Something hits you but does no damage.
The orc wizard hits you but does no damage.
Unknown command.
Read which item? (? for menu, Esc to quit)
Okay, then.
You completely miss the orc wizard. You hit something.
* * * LOW HITPOINT WARNING * * *
You feel sick. Something hits you but does no damage.
The orc wizard hits you with a dagger of venom.
* * * LOW HITPOINT WARNING * * *
You hear some strange, mumbled words.
A puff of flame appears from out of thin air!
The puff of flame misses you.
Unknown command.
You hit the orc wizard but do no damage.
You miss something.
You die...

.o.#####......
..#.......$.# .
............# ...
............# ....
............####....
.#o...............
#o##.............
#o.......<....+
#@###.........#
#.#...........#
#.#.#.........#
#.#.#...#######
#.#...#.# #.#.###.#
#... ..# #.. ... ..
....


You could see an orc wizard and 2 orcs.

Vanquished Creatures
  A hound (D:4)
  An orc priest (D:3)
  A worker ant (D:5)
  Natasha (D:2)
  3 adders
  An ooze (D:2)
  3 worms
  5 orcs
  A hobgoblin (D:3)
  4 jackals (D:4)
  A kobold (D:2)
  A quokka (D:4)
  A giant newt (D:3)
  4 goblins
  2 rats
30 creatures vanquished.

Notes
Turn   | Place    | Note
--------------------------------------------------------------
     0 | D:1      | Implojin the Minotaur Berserker began the quest for the Orb.
     0 | D:1      | Reached XP level 1. HP: 19/19 MP: 0/0
    50 | D:2      | Reached skill level 4 in Axes
    50 | D:2      | Reached XP level 2. HP: 26/26 MP: 1/1
   280 | D:2      | Noticed Natasha
   286 | D:2      | Killed Natasha
   286 | D:2      | Reached skill level 5 in Axes
   286 | D:2      | Reached XP level 3. HP: 12/31 MP: 2/2
   446 | D:3      | Reached skill level 6 in Axes
   446 | D:3      | Reached XP level 4. HP: 27/39 MP: 3/3
   541 | D:3      | Found an ancient bone altar of Kikubaaqudgha.
   544 | D:3      | Found a snail-covered altar of Cheibriados.
   547 | D:3      | Found a blossoming altar of Fedhas.
   651 | D:3      | Found a glowing silver altar of Zin.
   656 | D:3      | Reached ** piety under Trog
   706 | D:4      | Noticed a hungry ghost
   717 | D:4      | Found Fezuaz's Antique Weapon Emporium.
   764 | D:5      | Entered Level 5 of the Dungeon
   764 | D:5      | Found a deep blue altar of Sif Muna.
   822 | D:4      | Reached skill level 7 in Axes
   822 | D:4      | Reached XP level 5. HP: 20/45 MP: 4/4
   937 | D:5      | HP: 1/45 [orc wizard/dagger of venom (4)]
   938 | D:5      | Succumbed to an orc wizard's poison

Action                   |  1- 3 |  4- 6 || total
-------------------------+-------+-------++-------
Melee: Hand axe          |    33 |    58 ||    91
Invok: Berserk           |     2 |     2 ||     4
  Use: Scroll            |       |     4 ||     4
       Potion            |       |     3 ||     3
  Eat: Bread ration      |       |     3 ||     3
       Chunk             |       |     1 ||     1

Table legend:
 A = Turns spent in this place as a percentage of turns spent in the entire game.
 B = Non-inter-level travel turns spent in this place as a percentage of non-inter-level travel turns spent in the entire game.
 C = Inter-level travel turns spent in this place as a percentage of turns spent in this place.
 D = Turns resting spent in this place as a percentage of non-inter-level travel turns spent in this place.
 E = Turns spent auto-exploring this place as a percentage of non-inter-level travel turns spent in this place.
 F = Non-inter-level travel turns spent in this place divided by the number of levels of this place that you've seen.
                   A       B       C       D       E      F
               +-------+-------+-------+-------+-------+----------------------
         Total | 100.0 | 100.0 |   0.0 |   0.0 |   0.0 | 185.0
       Dungeon | 100.0 | 100.0 |   0.0 |   0.0 |   0.0 | 185.0
               +-------+-------+-------+-------+-------+----------------------

Table legend:
 A = Kills in this place as a percentage of kills in entire the game.
 B = Kills by you in this place as a percentage of kills by you in the entire game.
 C = Kills by friends in this place as a percentage of kills by friends in the entire game.
 D = Other kills in this place as a percentage of other kills in the entire game.
 E = Experience gained in this place as a percentage of experience gained in the entire game.
 F = Experience gained in this place divided by the number of levels of this place that you have seen.
                   A       B       C       D       E      F
               +-------+-------+-------+-------+-------+----------------------
         Total | 100.0 | 100.0 |  -nan |  -nan | 100.0 |  52.4
       Dungeon | 100.0 | 100.0 |  -nan |  -nan | 100.0 |  52.4
               +-------+-------+-------+-------+-------+----------------------
